 Dungeon Crawl Stone Soup version 0.22-a0-880-gb7b0c8b (webtiles) character file.

526 exewon the Firebug (level 7, 0/52 HPs)
             Began as a Hill Orc Fire Elementalist on July 30, 2018.
             Slain by an orc
             ... wielding a +0 hand axe
              (3 damage)
             ... on level 4 of the Dungeon.
             The game lasted 00:30:50 (5405 turns).

exewon the Firebug (Hill Orc Fire Elementalist)     Turns: 5405, Time: 00:30:51

Health: 0/52       AC:  5    Str: 11    XL:     7   Next: 23%
Magic:  1/11       EV: 10    Int: 20    God:
Gold:   86         SH:  0    Dex: 11    Spells: 6/12 levels left

rFire    . . .     SeeInvis .   n - +0 hand axe
rCold    . . .     Gourm    .   (no shield)
rNeg     . . .     Faith    .   i - +0 ring mail
rPois    .         Spirit   .   (no helmet)
rElec    .         Reflect  .   (no cloak)
rCorr    .         Harm     .   (no gloves)
MR       .....                  (no boots)
Stlth    ++........             (no amulet)
HPRegen  0.17/turn              g - ring of stealth
MPRegen  0.12/turn              k - +3 ring of intelligence

@: very slightly contaminated
A: no striking features
a: no special abilities


You were on level 4 of the Dungeon.
You were not hungry.

You visited 1 branch of the dungeon, and saw 4 of its levels.
You also visited: Sewer.

You collected 158 gold pieces.
You spent 72 gold pieces at shops.

Inventory:

Hand Weapons
 e - a +1 dagger of speed
 f - a cursed -1 dagger
 n - a +0 hand axe (weapon)
 p - a +0 falchion
Missiles
 l - 51 arrows
Armour
 d - a +0 chain mail
 i - a +0 ring mail (worn)
 j - a +0 leather armour
 w - a cursed +0 scale mail
Jewellery
 g - a ring of stealth (left hand)
 k - a +3 ring of intelligence (right hand)
 r - an uncursed ring of flight {unknown}
Scrolls
 a - a scroll of fog {unknown}
 b - a scroll of blinking {unknown}
 h - 2 scrolls of teleportation {unknown}
 q - a scroll of fear {unknown}
 s - 3 scrolls of remove curse {unknown}
 v - a scroll of identify
Potions
 c - 2 potions of curing
 m - a potion of flight {unknown}
 o - a potion of agility {unknown}
 x - 2 potions of cancellation {unknown}
Comestibles
 t - a ration


   Skills:
 + Level 1.6 Fighting
 - Level 2.2 Axes
 + Level 3.2 Armour
 - Level 1.5 Dodging
 - Level 1.5 Stealth
 * Level 3.1 Spellcasting
 + Level 3.4 Conjurations
 - Level 5.0 Fire Magic


You had 6 spell levels left.
You knew the following spells:

 Your Spells              Type           Power        Failure   Level  Hunger
a - Flame Tongue          Conj/Fire      ###..        5%          1    None
b - Throw Flame           Conj/Fire      ###...       9%          2    ##.....
c - Conjure Flame         Conj/Fire      ###.....     17%         3    ###....

Your spell library contained the following spells:

 Spells                   Type           Power        Failure   Level  Hunger
 Fireball                 Conj/Fire      ###.......   83%         5    ######.
 Sticky Flame             Conj/Fire      ###.....     50%         4    ####...
 Inner Flame              Hex/Fire       ##......     34%         3    ###....


Dungeon Overview and Level Annotations

Branches:
Dungeon (4/15)
 Temple: D:4-7

Altars:

Shops:
D:4 !

Annotations:
D:4 Eustachio


Message History

The scorpion is lightly wounded.
You hit the orc. You hit the ogre.
You kill the ogre!
Your Spellcasting skill increases to level 3!
The scorpion closely misses you. The orc hits you but does no damage.
You closely miss the scorpion.
The scorpion is lightly wounded.
You barely miss the orc. The scorpion barely misses you.
The orc barely misses you. The scorpion barely misses you.
You hit the scorpion but do no damage.
The scorpion is lightly wounded.
You barely miss the orc. The orc hits you with a hand axe.
* * * LOW HITPOINT WARNING * * *
The scorpion stings you but does no damage.
You completely miss the orc.
The orc is heavily wounded.
You hit the scorpion but do no damage.
An orc comes into view.
A hound comes into view.
The orc hits you with a hand axe.
You die...

######....######...# # #....#
###.### # ##...########...###
.. #....†....s##....# .... .
#...######...∩...#..# ...
#...# ######h...###
........... ##...o......
######......######..###.#####
# ###.......)@s.## ..# #
###......o)## ..#
#.#...........##...
###........o..####
###..#####.# ##.# ..# #.# ###
#.# # ..h


You could see a scorpion, a hound (wandering) and 2 orcs.

Vanquished Creatures
  An ogre (D:4)
  2 bullfrogs (Sewer)
  2 orc wizards (D:2)
  A worker ant (D:4)
  3 adders
  11 oozes
  An adder skeleton (D:4)
  A dart slug (D:3)
  3 worms
  14 leopard geckos
  10 orcs
  19 giant cockroaches
  15 goblins
  10 hobgoblins
  2 jackals (D:1)
  2 quokkas
  9 ball pythons
  6 bats
  14 frilled lizards
  4 kobolds
  A quokka skeleton (D:4)
  5 rats
136 creatures vanquished.

Notes
Turn   | Place    | Note
-------+----------+-------------------------------------------
     0 | D:1      | exewon the Hill Orc Fire Elementalist began the quest for the Orb.
     0 | D:1      | Reached XP level 1. HP: 14/14 MP: 3/3
   211 | D:1      | Reached XP level 2. HP: 22/22 MP: 0/4
   372 | D:1      | Learned a level 2 spell: Throw Flame
   567 | D:1      | Reached skill level 1 in Fighting
   711 | D:1      | Reached XP level 3. HP: 27/28 MP: 1/5
  1423 | D:2      | Reached skill level 4 in Fire Magic
  1687 | D:2      | Reached skill level 1 in Armour
  1824 | D:2      | Reached XP level 4. HP: 35/35 MP: 0/7
  2317 | D:2      | Reached XP level 5. HP: 40/40 MP: 8/8
  2331 | D:2      | Learned a level 3 spell: Conjure Flame
  3003 | D:3      | Found a glowing drain.
  3014 | Sewer    | Entered a sewer
  3440 | Sewer    | Reached skill level 5 in Fire Magic
  3562 | Sewer    | Reached XP level 6. HP: 43/47 MP: 4/9
  3693 | Sewer    | Reached skill level 1 in Axes
  4771 | D:4      | Noticed Eustachio
  4853 | D:4      | Found Pem Somp's Distillery.
  5112 | D:4      | Reached XP level 7. HP: 24/52 MP: 3/11
  5172 | D:4      | Bought a potion of curing for 36 gold pieces
  5172 | D:4      | Bought a potion of curing for 36 gold pieces
  5404 | D:4      | HP: 2/52 [orc/hand axe (2)]
  5405 | D:4      | Slain by an orc

Vault maps used:
D:1:      arrival_zaba_pyramid
D:3:      gup_sewer_entry_pipe
D:4:      serial_shops, shop, shop_fountains, first_ration, uniq_eustachio
Sewer:    sewer_frog_island_02

Skill      XL: |  1  2  3  4  5  6  7 |
---------------+----------------------+-----
Fighting       | 1 |  1.6
Fire Magic     | 4 5 |  5.0
Armour         | 1 2 3 |  3.2
Spellcasting   | 2 3 |  3.1
Conjurations   | 2 3 |  3.4
Axes           | 2 |  2.2
Dodging        | |  1.5
Stealth        | |  1.5

Action                   |  1- 3 |  4- 6 |  7- 9 || total
-------------------------+-------+-------+-------++-------
Melee: Unarmed           |     8 |       |       ||     8
       Dagger            |    56 |    32 |       ||    88
       Hand axe          |       |   138 |     8 ||   146
 Cast: Flame Tongue      |    31 |    69 |     4 ||   104
       Throw Flame       |    13 |    52 |     3 ||    68
       Conjure Flame     |       |     2 |       ||     2
  Use: Scroll            |     3 |     1 |       ||     4
       Potion            |       |     5 |       ||     5
  Eat: Chunk             |     3 |     6 |       ||     9
       Ration            |     1 |     3 |       ||     4
Armor: Robe              |     2 |       |       ||     2
       Leather armour    |     6 |    48 |       ||    54
       Skin              |       |     8 |       ||     8
       Ring mail         |       |    51 |     2 ||    53
Dodge: Dodged            |    32 |   139 |    12 ||   183

Table legend:
 A = Spawn XP
 B = Non-spawn XP
 C = Spawn XP percentage of total XP
 D = Spawn monster count
 E = Non-spawn monster count
 F = Spawn count percentage of total count
 G = Total turns spent on level
                    A         B        C        D         E        F      G
               +---------+---------+-------+---------+---------+-------+---------
         Total |       0 |     752 |   0.0 |       0 |     136 |   0.0 |  5405
               +---------+---------+-------+---------+---------+-------+---------
           D:1 |       0 |      49 |   0.0 |       0 |      29 |   0.0 |  1381
           D:2 |       0 |     124 |   0.0 |       0 |      18 |   0.0 |  1331
           D:3 |       0 |      86 |   0.0 |       0 |      30 |   0.0 |   900
           D:4 |       0 |     158 |   0.0 |       0 |       6 |   0.0 |   735
         Sewer |       0 |     335 |   0.0 |       0 |      53 |   0.0 |  1058
               +---------+---------+-------+---------+---------+-------+---------
